AoeStats
← OmarGutieG

Arabia

507700765Analyzed
2v2 RM · 13d ago on Sep 19, 2026· 54m 30s· 4 players
Game mode
Random Map
Map size
Medium (4 player)
Population
200
Speed
Normal
Resources
Standard
Victory
Conquest
Starting age
Dark Age
Ending age
Imperial Age
RankedLock teamsTeams togetherTeam positionsShared explorationLock speedFull tech treeHidden civsTurbo modeCheats
Victory
Defeat
🇻🇳 Koreans · Vietnam
1371
+13
🇻🇳 Franks · Vietnam
1320
+15
🇲🇽 Magyars · Mexico
1313
-14
🇲🇽 Ethiopians · Mexico
1295
-14
armigame1
6:02 Loom
9:18 Feudal Age
21:25 Castle Age
20:11 Scale Barding Armor
20:36 Bloodlines
20:59 Gold Mining
22:36 Double-Bit Axe
23:49 Chain Barding Armor
24:56 Husbandry
26:54 Bow Saw
26:29 Horse Collar
36:53 Imperial Age
34:58 Wheelbarrow
36:45 Light Cavalry
37:27 Cavalier
38:44 Plate Barding Armor
37:53 Hussar
42:01 Gold Shaft Mining
41:20 Stone Mining
48:02 Scale Mail Armor
47:25 Pikeman
48:11 Halberdier
48:42 Paladin
51:26 Chain Mail Armor
OmarGutieG
6:58 Loom
9:45 Feudal Age
14:33 Fletching
23:33 Castle Age
23:32 Padded Archer Armor
23:37 Crossbowman
24:17 Bodkin Arrow
24:40 Double-Bit Axe
26:55 Bow Saw
28:29 Ballistics
30:56 Wheelbarrow
30:47 Leather Archer Armor
33:35 Gold Mining
36:27 Hand Cart
37:23 Thumb Ring
43:22 Imperial Age
42:28 Town Watch
43:56 Arbalester
44:40 Bracer
45:22 Town Patrol
49:35 Chemistry
49:07 Ring Archer Armor
52:38 Man-at-Arms
53:09 Halberdier
The Pragmatist
6:39 Loom
9:03 Feudal Age
10:14 Double-Bit Axe
14:12 Fletching
21:12 Castle Age
21:11 Horse Collar
21:22 Gold Mining
21:50 Bodkin Arrow
21:15 Crossbowman
22:26 Bow Saw
30:47 Ballistics
31:36 Thumb Ring
45:28 Imperial Age
43:44 Heavy Plow
44:31 Wheelbarrow
43:43 Town Watch
44:09 Husbandry
44:12 Pikeman
46:14 Bracer
47:16 Chemistry
47:26 Conscription
49:17 Elite War Wagon
Mr BIG
7:21 Loom
9:45 Feudal Age
10:11 Double-Bit Axe
18:49 Scale Barding Armor
21:19 Forging
24:45 Castle Age
25:51 Husbandry
26:27 Gold Mining
27:22 Chain Barding Armor
27:42 Wheelbarrow
29:12 Iron Casting
31:48 Hand Cart
32:29 Fletching
39:20 Imperial Age
39:10 Bodkin Arrow
39:26 Cavalier
40:49 Gold Shaft Mining
40:33 Bow Saw
41:45 Plate Barding Armor
42:03 Conscription
43:12 Paladin
45:37 Blast Furnace
45:20 Chivalry
51:30 Elite Throwing Axeman
52:32 #83
52:10 Bodkin Arrow
52:51 Padded Archer Armor
53:54 Chemistry
53:14 Ballistics
Connection lost

Rejoining the realm…

Still unreachable

The connection could not be restored.

Session expired

The server has moved on; the page needs a fresh start.